Map: Catalyst LE

Players

Florencio - Winner!

  • Race: Protoss Protoss
  • League: Gold
  • Spawn Location: 5:00

enki

  • Race: Terran Terran
  • Spawn Location: 11:00

VOD

Have the link to the VOD?

Description

Time

  • Played on: April 1, 2018, 5 p.m.
  • Length: 16:34
Show
View Real Time Build Order
Export as new Build Order

Florencio Protoss - Winner!

Build Orders: Colossus Rush 

Get SALT Encoding   

  12  0:01  Probe  
  13  0:13  Probe (Chrono Boost)  
  14  0:20  Pylon  
  14  0:25  Probe (Chrono Boost)  
  15  0:37  Probe (Chrono Boost)  
  15  0:41  Gateway  
  16  0:47  Probe  
  17  0:50  Assimilator  
  17  0:55  Assimilator  
  17  0:59  Probe  
  18  1:06  Assimilator  
  18  1:10  Assimilator  
  18  1:14  Probe (Chrono Boost)  
  20  1:26  Probe (Chrono Boost)  
  20  1:34  Probe (Chrono Boost)  
  21  1:45  Probe  
  22  1:49  Cybernetics Core  
  22  2:01  Probe  
  22  2:06  Pylon  
  23  2:24  Probe  
  23  2:25  Nexus  
  24  2:35  Adept  
  27  2:42  Pylon  
  27  2:50  Robotics Facility  
  26  2:52  Probe (Chrono Boost)  
  27  3:04  Probe (Chrono Boost)  
  28  3:12  Probe (Chrono Boost)  
  29  3:18  Probe  
  29  3:19  Pylon  
  30  3:31  Probe  
  29  3:53  Robotics Bay  
  30  3:59  Warp Prism (Chrono Boost)  
  32  4:03  Probe (Chrono Boost)  
  32  4:05  Probe (Chrono Boost)  
  32  4:06  Assimilator  
  32  4:07  Assimilator  
  32  4:08  Pylon  
  33  4:11  Stalker  
  33  4:12  Probe (Chrono Boost)  
  36  4:17  Probe  
  37  4:26  Probe  
  37  4:29  Probe  
  39  4:36  Disruptor (Chrono Boost)  
  39  4:38  Probe  
  39  4:41  Stalker  
  39  4:42  Probe  
  46  4:53  Probe  
  46  4:54  Probe  
  48  5:02  Disruptor (Chrono Boost)  
  51  5:08  Warp Gate, Pylon  
  51  5:11  Stalker  
  53  5:16  Pylon  
  53  5:17  Gravitic Drive (Chrono Boost), Probe  
  54  5:28  Gateway  
  54  5:29  Probe  
  55  5:37  Colossus  
  55  5:41  Probe, Stalker  
  64  5:51  Pylon  
  64  5:53  Probe  
  64  6:11  Stalker  
  64  6:12  Gateway  
  64  6:13  Gateway  
  64  6:14  Pylon  
  66  6:35  Colossus  
  66  6:36  Extended Thermal Lance, Stalker  
  66  6:37  Probe (Chrono Boost)  
  76  6:41  Stalker  
  76  6:44  Probe (Chrono Boost)  
  76  6:46  Probe (Chrono Boost)  
  66  7:25  Stalker x3  
  66  7:26  Stalker  
  66  7:27  Probe (Chrono Boost)  
  75  7:30  Twilight Council  
  75  7:33  Pylon  
  75  7:36  Probe (Chrono Boost)  
  76  7:38  Pylon  
  76  7:41  Probe (Chrono Boost)  
  76  7:42  Pylon  
  76  7:44  Colossus (Chrono Boost)  
  77  7:48  Nexus  
  77  7:49  Pylon  
  83  7:53  Probe, Pylon  
  83  7:55  Pylon  
  84  8:18  Templar Archives  
  84  8:21  Pylon  
  81  8:30  Colossus  
  87  8:34  Pylon  
  87  8:36  Stalker  
  87  8:37  Assimilator  
  87  8:40  Probe  
  90  8:42  Pylon  
  90  8:43  Assimilator  
  90  8:51  Blink  
  90  8:58  High Templar x3, Psionic Storm  
  90  9:02  High Templar  
  98  9:21  Pylon  
  98  9:23  Colossus  
  98  9:25  Gateway  
  98  9:27  Gateway  
  98  9:29  Gateway  
  104  9:54  Stalker x3  
  104  9:55  Stalker  
  112  10:00  Stargate  
  112  10:03  Stargate  
  112  10:17  Adept x3  
  112  10:18  Adept  
  120  10:22  Nexus  
  120  10:24  Pylon  
  110  10:46  Stalker x2  
  110  10:47  Stalker x4  
  110  10:48  Stalker  
  70  11:04  Archon  
  70  11:09  Colossus  
  72  11:17  Probe  
  73  11:21  Stalker x2  
  73  11:22  Stalker x2  
  81  11:29  Probe (Chrono Boost)  
  82  11:34  High Templar x3  
  88  11:41  Probe (Chrono Boost)  
  89  11:47  Assimilator  
  89  11:48  Stalker  
  89  11:50  Probe (Chrono Boost)  
  89  11:51  Adept  
  89  11:52  Assimilator  
  94  11:56  Probe  
  95  12:12  Adept  
  95  12:13  Adept x3  
  95  12:14  Adept  
  95  12:15  Adept  
  103  12:37  Stalker  
  103  12:38  Stalker  
  103  12:40  Stalker x5  
  117  12:49  Colossus  
  119  13:03  Stalker x3  
  119  13:04  Stalker x3  
  95  13:22  Stalker  
  85  13:27  Stalker x4  
  91  13:36  Stalker  
  91  13:40  Stalker  
  84  13:43  Colossus  
  82  13:54  High Templar x4  
  82  13:55  High Templar  
  90  14:00  Probe (Chrono Boost)  
  88  14:04  Probe (Chrono Boost)  
  91  14:10  Probe x2 (Chrono Boost)  
  91  14:11  Probe (Chrono Boost)  
  91  14:12  Probe (Chrono Boost)  
  91  14:13  Oracle  
  96  14:18  Probe (Chrono Boost)  
  96  14:21  Probe (Chrono Boost)  
  96  14:24  Probe (Chrono Boost)  
  98  14:27  Stalker  
  98  14:28  Stalker  
  98  14:29  Probe (Chrono Boost)  
  104  14:34  Probe (Chrono Boost)  
  104  14:35  Probe (Chrono Boost)  
  104  14:36  Disruptor  
  108  14:38  Oracle  
  108  14:41  Probe (Chrono Boost)  
  105  14:58  Stalker x3  
  109  15:04  Stalker x2  
  113  15:18  Adept x2  
  95  15:50  Stalker x4  
  95  15:51  Stalker x3  
Show
View Real Time Build Order
Export as new Build Order

enki Terran 

Build Orders: Command Center First (CC), MMM Bio 

Get SALT Encoding   

  12  0:02  SCV  
  13  0:14  SCV  
  13  0:20  Supply Depot  
  14  0:26  SCV  
  15  0:42  SCV  
  16  0:54  SCV  
  17  1:06  Command Center, SCV  
  18  1:16  Barracks  
  18  1:21  SCV  
  19  1:33  SCV  
  19  1:36  Barracks  
  20  1:45  SCV  
  21  1:49  Barracks  
  21  1:58  SCV  
  21  2:01  Supply Depot  
  22  2:05  Marine  
  22  2:15  Supply Depot  
  22  2:19  SCV  
  23  2:23  Marine, Refinery  
  23  2:26  Marine  
  26  2:30  SCV  
  26  2:36  SCV  
  27  2:39  Marine  
  27  2:41  Marine  
  27  2:42  SCV  
  30  2:48  SCV, Marine  
  32  2:57  SCV  
  33  2:59  Refinery  
  33  3:00  SCV  
  33  3:01  Marine  
  33  3:03  Marine  
  37  3:16  Supply Depot  
  38  3:20  Orbital Command  
  38  3:26  Orbital Command  
  34  3:50  SCV  
  34  3:52  SCV  
  36  4:00  Barracks Reactor, Barracks Tech Lab x2  
  37  4:02  SCV  
  37  4:04  SCV  
  37  4:06  Supply Depot  
  38  4:10  Refinery  
  38  4:11  Refinery  
  38  4:14  SCV  
  38  4:16  SCV  
  40  4:21  Stimpack  
  40  4:23  Marine x2  
  42  4:27  SCV  
  42  4:28  SCV, Supply Depot  
  44  4:39  SCV  
  44  4:40  SCV  
  44  4:41  Marine  
  44  4:44  Marine  
  44  4:45  Marine x2  
  50  4:47  Combat Shields  
  50  4:51  SCV, Supply Depot  
  50  4:52  SCV  
  53  5:01  Engineering Bay  
  53  5:02  Marine x2  
  53  5:03  SCV, Factory  
  53  5:04  SCV  
  57  5:14  Marauder x2  
  60  5:15  SCV  
  60  5:16  SCV  
  62  5:22  Supply Depot  
  62  5:23  Marine  
  62  5:24  Marine  
  62  5:27  SCV  
  65  5:28  SCV  
  65  5:35  Marauder x2, Missile Turret x2  
  70  5:37  Terran Infantry Weapons Level 1  
  70  5:39  SCV  
  70  5:40  SCV, Marine  
  73  5:45  Marine  
  74  5:51  Starport  
  74  5:52  Factory Reactor  
  74  5:56  Marauder  
  74  5:57  Marauder  
  64  6:07  Marine x2  
  66  6:17  Marine x2  
  68  6:22  Concussive Shells  
  68  6:25  Marine x2  
  70  6:27  Supply Depot  
  70  6:31  Supply Depot  
  68  6:34  SCV  
  68  6:36  Marauder x2  
  73  6:43  Marine x2  
  72  6:51  Supply Depot  
  66  6:56  Marine, Supply Depot  
  66  6:57  Marauder  
  66  7:00  Marine  
  66  7:01  Marine  
  64  7:15  Marauder  
  59  7:18  Marine x2  
  59  7:19  Marauder  
  59  7:27  Barracks  
  59  7:32  Terran Infantry Armor Level 1  
  59  7:36  Marauder, Medivac x2  
  65  7:40  Marauder  
  65  7:42  SCV  
  61  7:54  SCV  
  61  7:57  Marauder  
  64  8:01  Marauder  
  59  8:06  Viking x2  
  63  8:15  Barracks  
  63  8:18  Marine x2  
  63  8:19  Marauder  
  67  8:23  Marauder  
  67  8:24  Barracks Reactor  
  69  8:31  SCV  
  69  8:33  SCV  
  71  8:36  Marine x2, Medivac  
  71  8:40  Marauder  
  77  8:42  Armory  
  77  8:43  SCV  
  77  8:44  Marauder  
  80  8:52  Medivac  
  80  8:54  Marine  
  83  9:02  Marauder  
  85  9:04  SCV x2  
  85  9:05  Marauder  
  89  9:16  SCV  
  90  9:17  Medivac  
  90  9:22  Medivac  
  90  9:23  Marauder  
  96  9:27  Marauder  
  96  9:28  Marine  
  99  9:32  Barracks Tech Lab  
  99  9:35  Marine  
  99  9:37  Supply Depot  
  100  9:44  Marauder  
  96  9:48  Marauder  
  98  10:06  Marauder  
  100  10:08  SCV  
  100  10:10  Marauder  
  103  10:19  Command Center  
  103  10:21  Marauder, Marine  
  105  10:22  Marine  
  105  10:27  Marauder  
  109  10:31  Marauder  
  80  10:54  Marauder  
  80  10:55  Marauder x2  
  80  10:56  Marine x2  
  83  11:01  Medivac x2  
  69  11:13  SCV  
  69  11:15  Marine  
  69  11:16  Marauder x3  
  75  11:33  Command Center  
  75  11:42  Marauder x2, Marine x2  
  75  11:43  Marauder  
  84  11:47  SCV  
  84  12:10  Marauder x2, Marine  
  84  12:14  SCV  
  90  12:16  Planetary Fortress  
  90  12:22  Missile Turret  
  90  12:48  SCV  
  90  12:50  SCV x2  
  86  12:59  SCV  
  86  13:00  SCV  
  86  13:02  SCV x2  
  89  13:12  SCV x2  
  83  13:14  SCV x2  
  64  13:21  Marauder, Marine  
  64  13:22  Marauder, Marine  
  64  13:23  Marine  
  64  13:24  Marine  
  64  13:25  Marauder, SCV  
  64  13:26  SCV  
  58  13:43  Marauder  
  45  13:51  Marauder x2, Marine x3  
  45  13:52  Marine  
  45  13:54  SCV  
  45  13:55  SCV x2  
  43  14:04  Marine  
  43  14:06  Medivac x2  
  43  14:09  Marine x3  
  51  14:11  SCV  
  52  14:25  Marauder x2, Marine  
  52  14:27  Marine x2  
  52  14:28  SCV  
  60  14:36  Medivac x2  
  64  14:40  Marine  
  64  14:41  Marine  
  64  14:42  Marine  
  64  14:45  Marauder  
  69  14:46  Marauder x2, Marine  
  58  15:06  Marauder, Planetary Fortress, Medivac x2  
  64  15:07  Marauder  
  64  15:08  Marauder, SCV  
  64  15:09  SCV  
  67  15:31  Marauder x3, Marine  
  68  15:40  Marine  
  62  15:52  Marauder  
  55  15:58  Marauder x2  
Tags
 
Composition
MMM Bio
League
Gold
Matchup
PvT
Spawn Locations
Cross Positions
Add a new tag
Caveats
  • Supply blocks, unpowered buildings, or Contaminate may cause inaccurate times.
  • Supply counts are checked every 10 seconds.